AoeStats
← MaxC

Black Forest

510684730Analyzed
4v4 RM · 11h ago on Oct 2, 2026· 11m 17s· 8 players
Game mode
Random Map
Map size
Large (8 player)
Population
200
Speed
Normal
Resources
Standard
Victory
Conquest
Starting age
Dark Age
Ending age
Imperial Age
RankedLock teamsTeams togetherTeam positionsShared explorationLock speedFull tech treeHidden civsTurbo modeCheats
Victory
Defeat
🇹🇼 Turks · Taiwan
1030
+15
🇦🇷 Spanish · Argentina
1030
+15
🇲🇽 Sicilians · Mexico
954
+18
🇦🇷 Cumans · Argentina
942
+20
🇨🇦 Persians · Canada
1060
-18
🇵🇪 Armenians · Peru
1023
-18
🇫🇷 Malay · France
1008
-17
🇨🇦 Danes · Canada
959
-15
John
0:27 Loom
+ ..dotavio ..+
0:27 Loom
LordWhile
3:32 Loom
francis le tueur
biodude
2:40 Loom
10:42 Feudal Age
MaxC
7:25 Loom
11:26 Feudal Age
knoxville2049
0:43 Loom
Я невероятный
0:58 Loom
Connection lost

Rejoining the realm…

Still unreachable

The connection could not be restored.

Session expired

The server has moved on; the page needs a fresh start.